Map: 2000 Atmospheres LE

Players

HeroMarine - Winner!

  • Race: Terran Terran
  • League: Master

Spirit (souL)

  • Race: Terran Terran
  • League: Master

Event: TSL 8

VOD

Have the link to the VOD?

Description

Time

  • Played on: Dec. 3, 2021, 12:39 p.m.
  • Length: 24:33

All games in this series

Show
View Real Time Build Order
Export as new Build Order

HeroMarine Terran - Winner!

Build Orders: Reaper Expand 

Get SALT Encoding   

  12  0:00  SCV  
  13  0:12  SCV  
  14  0:17  Supply Depot  
  14  0:24  SCV  
  15  0:38  SCV  
  15  0:39  Barracks  
  16  0:43  Refinery  
  16  0:50  SCV  
  17  1:03  SCV  
  18  1:15  SCV  
  19  1:27  Reaper, Orbital Command  
  20  1:41  Command Center  
  20  1:50  Supply Depot  
  20  1:52  SCV  
  21  1:58  Marine  
  22  2:04  SCV  
  22  2:08  Factory  
  23  2:15  Bunker  
  23  2:16  Marine  
  23  2:20  SCV  
  25  2:25  Refinery  
  25  2:32  SCV  
  25  2:34  Marine  
  27  2:44  SCV  
  28  2:51  Hellion  
  28  2:52  Orbital Command  
  28  2:53  Barracks Reactor  
  28  2:56  SCV  
  31  3:00  Starport  
  31  3:05  Refinery  
  31  3:08  SCV  
  32  3:17  Factory Tech Lab  
  32  3:20  SCV  
  32  3:21  SCV  
  34  3:30  Supply Depot, Marine x2  
  34  3:32  SCV  
  34  3:33  SCV  
  38  3:36  Cyclone  
  38  3:38  Starport Tech Lab  
  41  3:44  SCV  
  41  3:45  SCV  
  41  3:48  Marine x2  
  44  3:53  Supply Depot  
  45  3:55  Raven  
  45  3:56  SCV  
  45  3:57  SCV  
  49  4:06  Marine x2  
  49  4:08  SCV  
  49  4:09  SCV  
  53  4:14  Siege Tank  
  53  4:15  Supply Depot  
  56  4:20  SCV  
  56  4:21  Supply Depot  
  56  4:22  SCV  
  58  4:32  Marine  
  58  4:33  SCV, Marine  
  58  4:34  SCV  
  62  4:38  Raven  
  62  4:45  Command Center  
  64  4:46  SCV  
  64  4:47  SCV  
  64  4:52  Siege Tank  
  69  4:56  Refinery, Marine  
  69  4:57  Marine  
  69  4:59  SCV  
  72  5:00  SCV  
  72  5:03  Supply Depot  
  73  5:13  SCV x2  
  74  5:15  Barracks  
  74  5:16  Barracks  
  74  5:24  Siege Tank  
  74  5:25  SCV x2  
  74  5:27  Stimpack  
  79  5:31  Viking x2  
  83  5:36  Engineering Bay  
  83  5:40  SCV x2  
  83  5:41  Marine  
  85  5:43  Engineering Bay  
  85  5:52  SCV  
  85  5:56  SCV  
  87  5:57  Supply Depot, Siege Tank  
  87  5:59  Marine  
  87  6:03  Viking x2  
  95  6:04  SCV, Barracks Reactor  
  95  6:06  Barracks Reactor  
  95  6:08  SCV  
  96  6:16  SCV  
  97  6:20  SCV, Orbital Command  
  97  6:25  Marine  
  99  6:28  SCV  
  99  6:30  Sensor Tower  
  100  6:33  SCV, Viking  
  100  6:37  Viking  
  105  6:40  SCV  
  105  6:43  Marine  
  105  6:45  SCV  
  105  6:47  Terran Infantry Weapons Level 1  
  108  6:49  Missile Turret  
  108  6:51  SCV  
  108  6:53  SCV  
  109  7:01  Supply Depot x2, Marine  
  109  7:02  SCV  
  109  7:03  SCV  
  109  7:04  Siege Tank  
  109  7:05  SCV, Marine, Barracks  
  109  7:07  Barracks  
  117  7:13  Combat Shield  
  117  7:16  Refinery  
  117  7:17  SCV x3, Marine x3  
  117  7:18  Refinery  
  123  7:24  Marine  
  123  7:25  Medivac, Marine  
  123  7:28  Medivac  
  123  7:29  SCV x3  
  132  7:33  Supply Depot  
  132  7:34  Supply Depot, Marine  
  132  7:36  Supply Depot  
  131  7:47  Command Center  
  129  7:54  Siege Tank  
  129  7:55  Medivac  
  129  7:58  SCV x2, Medivac  
  137  8:00  SCV, Marine x2  
  137  8:04  Marine x2  
  142  8:10  Barracks Reactor  
  142  8:13  Marine  
  142  8:14  Barracks Reactor  
  142  8:18  Missile Turret, Marine  
  142  8:19  Supply Depot, SCV x3  
  142  8:20  Missile Turret, Armory, Marine  
  142  8:21  Marine x2  
  142  8:25  Factory  
  144  8:32  SCV x3  
  146  8:36  Marine  
  146  8:38  Marine  
  146  8:39  Siege Tank, Marine  
  146  8:41  Marine  
  152  8:44  SCV  
  152  8:46  Medivac  
  152  8:47  Medivac, Marine x2  
  159  8:50  Missile Turret  
  159  8:53  SCV x2  
  159  8:54  Marine  
  162  8:55  Marine  
  162  8:56  SCV  
  162  8:57  Marine x2  
  162  8:58  Barracks Reactor  
  166  9:07  SCV x2, Marine  
  166  9:08  SCV, Marine x3  
  172  9:11  Siege Tank, Marine  
  172  9:13  Marine  
  172  9:15  Marine x2  
  173  9:25  Marine x2  
  173  9:26  Marine  
  173  9:31  Command Center  
  175  9:32  Medivac, Siege Tank  
  175  9:37  Medivac  
  181  9:40  Supply Depot  
  181  9:41  Supply Depot  
  181  9:42  Marine x3  
  181  9:44  Siege Tank  
  179  9:48  Terran Infantry Weapons Level 2, Terran Infantry Armor Level 1  
  170  9:56  Marine x3  
  172  10:00  Marine x2  
  172  10:02  Marine x2  
  172  10:03  Marine x2  
  172  10:04  Siege Tank  
  172  10:06  Viking  
  183  10:08  Marine  
  183  10:14  Marine  
  180  10:15  Marine  
  180  10:16  Marine  
  180  10:18  Siege Tank, Marine  
  180  10:19  Marine  
  180  10:20  Marine  
  180  10:21  Marine x2  
  171  10:23  Liberator  
  171  10:25  Marine  
  176  10:31  Marine  
  176  10:33  Marine  
  176  10:34  Marine x2  
  176  10:36  Liberator  
  176  10:37  Marine x2  
  176  10:39  Siege Tank  
  176  10:41  Marine x2  
  182  10:45  Marine x2  
  182  10:49  Marine  
  184  10:50  Siege Tank, Terran Vehicle Weapons Level 1  
  184  10:51  Marine  
  184  10:52  Marine x2  
  184  10:57  Marine x2  
  188  11:00  Marine x2  
  188  11:03  Marine x2  
  194  11:05  SCV  
  194  11:08  Marine  
  194  11:09  Marine x3  
  194  11:11  Siege Tank, Viking  
  200  11:14  Marine  
  200  11:16  Missile Turret  
  200  11:17  Missile Turret  
  197  11:31  Planetary Fortress  
  197  11:33  Refinery  
  197  11:35  Refinery  
  197  11:38  Starport  
  197  11:40  Starport  
  197  11:47  Marine  
  197  11:48  Marine x2  
  197  11:53  Terran Infantry Armor Level 2  
  200  12:01  Barracks  
  200  12:02  Command Center, Barracks  
  200  12:03  Sensor Tower  
  200  12:04  Terran Infantry Weapons Level 3  
  200  12:09  Marine x3  
  200  12:20  Starport Tech Lab  
  200  12:25  Starport Tech Lab  
  200  12:36  Siege Tank  
  200  12:37  Siege Tank, Marine x2  
  196  12:38  Marine x2  
  196  12:40  Marine  
  196  12:41  Marine x3  
  196  12:42  Raven  
  196  12:43  Viking x2  
  171  12:45  Corvid Reactor, Marine x2  
  171  12:46  Raven  
  171  12:50  Barracks Reactor x2  
  156  12:55  Marine x2  
  156  12:56  Marine x2  
  156  12:57  Terran Vehicle Weapons Level 2  
  160  12:59  Marine x4  
  160  13:00  Armory  
  160  13:03  Marine x2  
  166  13:07  Command Center  
  166  13:10  Siege Tank x2  
  170  13:13  Marine  
  170  13:17  Viking  
  170  13:19  Viking  
  172  13:32  Raven  
  174  13:38  Marine x10  
  184  13:42  Siege Tank  
  184  13:43  Siege Tank  
  190  13:50  Raven  
  190  13:51  Viking x2  
  190  13:54  Marine x2  
  198  13:57  Command Center  
  192  14:06  Marine x3  
  186  14:13  Marine x2  
  186  14:15  Siege Tank, Viking  
  193  14:21  Planetary Fortress, Viking x2  
  193  14:22  Marine, Orbital Command  
  198  14:24  Marine x2  
  199  14:39  Marine  
  199  14:40  Marine x2  
  199  14:43  Marine  
  199  14:44  Marine  
  199  14:45  Viking, Marine x3  
  195  14:46  Marine x2  
  195  14:48  Viking  
  195  14:51  Viking  
  200  15:06  Viking  
  196  15:11  Refinery x2, Orbital Command  
  192  15:15  Viking  
  192  15:18  Viking, Marine x2  
  192  15:21  Viking  
  196  15:30  Terran Infantry Armor Level 3  
  175  15:51  Raven x2  
  175  15:52  Medivac x2  
  175  15:53  Marine x2  
  175  15:54  Marine x2  
  181  15:57  Marine x2  
  181  16:00  Marine x2  
  181  16:01  Marine x2  
  181  16:02  Marine  
  181  16:11  Siege Tank  
  159  16:14  Refinery  
  159  16:17  Marine x3  
  159  16:22  Medivac x2  
  161  16:26  Starport  
  161  16:27  Starport  
  161  16:34  Raven  
  161  16:38  Siege Tank  
  166  16:40  Marine x2  
  166  16:41  Marine  
  166  16:43  Siege Tank  
  166  16:46  Raven  
  174  16:51  Missile Turret  
  174  16:53  Missile Turret  
  174  16:56  Marine x2  
  177  17:01  Marine  
  177  17:02  Viking  
  177  17:03  Sensor Tower, Viking  
  177  17:04  Starport Reactor  
  177  17:08  Terran Vehicle And Ship Armor Level 1  
  181  17:10  Siege Tank, Viking  
  181  17:11  Viking  
  181  17:12  Marine  
  181  17:14  Marine x2  
  181  17:15  Marine x2  
  188  17:22  Marine x2  
  161  17:23  Marine  
  161  17:29  Raven  
  156  17:30  Marine  
  156  17:35  Marine  
  160  17:44  Marine x2, Orbital Command  
  159  17:54  Siege Tank  
  159  17:55  Marine  
  163  18:03  Raven  
  163  18:05  Starport Tech Lab  
  165  18:10  Starport Tech Lab, Orbital Command  
  165  18:17  Sensor Tower  
  165  18:23  Siege Tank  
  165  18:26  Siege Tank  
  171  18:40  Raven  
  171  18:46  Raven  
  169  18:49  Refinery, Raven  
  169  18:50  Viking  
  169  18:55  Missile Turret, Siege Tank  
  172  18:57  Missile Turret  
  172  18:58  Marine x5  
  172  19:02  SCV x2  
  179  19:03  SCV  
  179  19:04  SCV  
  179  19:05  SCV  
  179  19:07  Raven  
  184  19:10  Marine x2  
  184  19:14  Hi-Sec Auto Tracking  
  184  19:15  Marine, Neosteel Armor  
  184  19:16  Marine  
  188  19:17  Marine x2  
  190  19:30  Command Center, Marine x3  
  193  19:32  Raven  
  184  19:45  Liberator x2  
  184  19:47  Marine x4  
  184  19:50  Marine  
  184  19:51  Marine  
  193  19:54  Marine x2  
  193  19:57  Marine  
  196  20:00  Marine  
  196  20:01  Marine  
  196  20:04  Orbital Command  
  198  20:15  Raven  
  200  20:35  Terran Vehicle Weapons Level 3  
  200  20:40  Terran Vehicle And Ship Armor Level 2  
  188  20:57  Siege Tank x2, Marine x3  
  188  20:58  Marine x2  
  188  21:00  Marine x2  
  188  21:01  Marine x2  
  176  21:21  Marine x5  
  176  21:22  Marine x2  
  176  21:23  Marine  
  176  21:24  Marine x2  
  167  21:29  Siege Tank x2  
  167  21:31  Orbital Command  
  169  21:39  Marine x4  
  164  21:43  Marine  
  164  21:44  Marine x2  
  160  21:57  Raven  
  160  21:58  Marine  
  160  21:59  Marine x6  
  160  22:00  Marine  
  153  22:01  Siege Tank  
  153  22:02  Marine x2  
  150  22:16  Marine x4  
  150  22:17  Marine x3  
  150  22:19  Marine  
  150  22:20  Marine x2  
  150  22:21  Refinery x2  
  150  22:22  Medivac  
  160  22:25  Medivac  
  159  22:34  Marine x7  
  159  22:37  Marine x2  
  151  22:41  Marine  
  152  22:48  Siege Tank  
  155  22:51  Siege Tank  
  155  22:52  Marine x3  
  155  22:54  Medivac x2  
  162  23:02  Marine x2  
  162  23:03  Marine x2  
  162  23:04  Marine  
  162  23:05  Marine x2  
  163  23:10  Marine x3  
  162  23:22  Marine x5  
  162  23:23  Marine x2  
  163  23:27  Marine  
  163  23:28  Marine x2  
  163  23:30  Raven x2  
  170  23:40  Marine x5  
  172  23:45  Marine  
  172  23:46  Marine  
  151  23:48  Marine x3  
  151  23:58  Marine x2  
Show
View Real Time Build Order
Export as new Build Order

Spirit Terran 

Build Orders:  

Get SALT Encoding   

  12  0:00  SCV  
  13  0:12  SCV  
  14  0:17  Supply Depot  
  14  0:24  SCV  
  15  0:39  SCV  
  15  0:40  Barracks  
  16  0:43  Refinery  
  16  0:51  SCV  
  16  0:52  Refinery  
  17  1:03  SCV  
  18  1:15  SCV  
  19  1:27  Reaper, Orbital Command  
  19  1:30  Supply Depot  
  20  1:41  Factory  
  20  1:53  SCV  
  21  1:59  Reaper  
  22  2:05  SCV  
  23  2:18  SCV, Command Center  
  24  2:25  Hellion  
  26  2:30  SCV  
  26  2:31  Barracks Reactor  
  26  2:35  Supply Depot  
  27  2:42  SCV  
  28  2:47  Hellion  
  28  2:50  Starport  
  30  2:55  SCV  
  31  3:07  SCV  
  31  3:08  Marine x2  
  31  3:09  Factory Tech Lab  
  34  3:16  Refinery  
  34  3:19  SCV  
  35  3:25  Marine  
  35  3:26  Marine  
  37  3:31  SCV, Orbital Command  
  37  3:32  Raven  
  40  3:37  Factory Tech Lab  
  40  3:43  Marine x2  
  40  3:44  SCV  
  43  3:52  Supply Depot  
  43  3:56  SCV x2, Cyclone  
  48  4:08  SCV  
  48  4:09  SCV  
  50  4:15  Supply Depot, Raven  
  53  4:19  Barracks  
  53  4:20  SCV  
  53  4:21  SCV  
  53  4:24  Marine  
  55  4:25  Marine  
  56  4:32  SCV, Siege Tank  
  56  4:33  SCV  
  61  4:43  Supply Depot, Marine  
  61  4:44  SCV, Marine  
  61  4:45  SCV  
  65  4:56  SCV  
  65  4:57  SCV  
  67  5:01  Marine  
  67  5:03  Command Center  
  68  5:07  Starport Reactor  
  68  5:08  SCV  
  68  5:09  SCV  
  68  5:12  Stimpack  
  68  5:13  Marine x2  
  72  5:18  Supply Depot  
  72  5:19  Marine  
  72  5:20  SCV  
  74  5:21  SCV  
  74  5:24  Siege Tank  
  78  5:30  Supply Depot  
  78  5:32  Bunker  
  78  5:39  SCV, Marine x2  
  78  5:41  Marine  
  78  5:42  SCV  
  83  5:45  Medivac  
  85  5:51  Medivac  
  85  5:55  Supply Depot x2  
  85  5:56  Refinery, Siege Tank  
  90  5:57  Marine x2  
  90  5:59  Marine  
  90  6:00  SCV  
  94  6:15  SCV, Marine  
  94  6:16  Marine  
  94  6:17  Engineering Bay  
  94  6:18  Engineering Bay, Orbital Command  
  97  6:28  SCV  
  97  6:31  SCV  
  99  6:36  Barracks  
  99  6:37  Barracks  
  99  6:38  Siege Tank  
  99  6:39  Marine  
  102  6:40  SCV, Starport Reactor, Barracks  
  102  6:43  Marine  
  102  6:44  SCV  
  102  6:45  Orbital Command  
  106  6:49  Terran Infantry Weapons Level 1, Terran Infantry Armor Level 1  
  106  6:50  Marine  
  106  6:52  SCV  
  108  6:56  SCV  
  108  6:57  Marine  
  108  6:59  Combat Shield  
  108  7:01  Marine  
  111  7:05  SCV  
  111  7:08  SCV  
  113  7:10  SCV, Siege Tank  
  113  7:14  Marine  
  113  7:15  Supply Depot  
  118  7:16  Supply Depot  
  118  7:17  SCV, Marine  
  118  7:20  SCV  
  118  7:21  Marine  
  118  7:22  SCV  
  122  7:25  Barracks Reactor  
  122  7:27  Marine  
  122  7:29  SCV  
  124  7:32  SCV  
  124  7:36  SCV  
  126  7:37  Supply Depot  
  126  7:38  Marine  
  126  7:39  Supply Depot  
  126  7:41  SCV  
  126  7:42  Siege Tank  
  131  7:45  Marine x2  
  131  7:49  Barracks Reactor  
  131  7:52  Marine  
  130  8:02  Armory  
  130  8:03  Marine x5  
  130  8:04  Refinery x2  
  133  8:05  Marine  
  133  8:10  Marine  
  133  8:14  Siege Tank  
  133  8:16  Command Center  
  133  8:18  SCV  
  137  8:21  Marine x5  
  137  8:22  SCV  
  137  8:24  Marine  
  144  8:28  Medivac  
  144  8:29  Marine x3  
  144  8:33  Supply Depot x3  
  148  8:35  SCV x3  
  148  8:36  Factory  
  151  8:42  Marine  
  151  8:46  Medivac, Siege Tank  
  157  8:52  Terran Infantry Weapons Level 2, SCV x2  
  157  8:55  SCV  
  160  8:58  Terran Infantry Armor Level 2  
  160  9:03  Marine x7  
  160  9:04  SCV x2  
  160  9:09  Marine x2  
  172  9:10  SCV  
  172  9:16  SCV  
  172  9:18  Siege Tank  
  172  9:21  Marine  
  172  9:22  Marine  
  172  9:23  Marine x2  
  178  9:27  Marine  
  178  9:28  Command Center  
  178  9:29  Marine x2  
  178  9:30  Marine  
  182  9:31  Medivac  
  182  9:32  Marine  
  182  9:34  Terran Vehicle Weapons Level 1  
  181  9:38  Marine  
  181  9:40  Marine x3  
  181  9:44  Medivac  
  185  9:45  Marine  
  185  9:47  Marine x3  
  185  9:50  Siege Tank, Marine  
  185  9:51  SCV x3  
  188  9:56  Marine  
  189  10:04  Marine  
  189  10:14  Marine x8  
  189  10:15  SCV x2, Medivac  
  189  10:17  SCV  
  151  10:22  Siege Tank, Marine  
  151  10:23  Medivac, Factory Tech Lab  
  149  10:32  Marine x8  
  156  10:40  Marine  
  156  10:42  Starport  
  155  10:44  Starport  
  155  10:49  Marine x5  
  149  10:50  Siege Tank, Marine x3  
  149  10:55  Siege Tank  
  149  10:56  Medivac  
  164  10:57  Marine  
  164  11:02  SCV x2  
  167  11:06  SCV  
  167  11:07  Marine x5  
  167  11:08  Marine x3  
  166  11:13  Refinery  
  166  11:14  SCV, Refinery  
  166  11:15  Marine  
  165  11:19  Viking  
  165  11:22  Siege Tank, Starport Reactor x2  
  165  11:25  Marine x5  
  172  11:26  Marine x3  
  172  11:27  Siege Tank  
  172  11:29  SCV x2, Planetary Fortress  
  172  11:31  Bunker  
  183  11:33  Marine  
  183  11:38  Fusion Core  
  184  11:41  SCV  
  184  11:44  Marine  
  184  11:45  Marine x7  
  193  11:51  Marine  
  193  11:54  Terran Vehicle Weapons Level 2  
  193  11:56  Missile Turret x2  
  193  11:57  Viking  
  194  12:05  Viking x2  
  195  12:13  Terran Infantry Weapons Level 3  
  195  12:14  Viking  
  195  12:17  Viking  
  198  12:39  Marine  
  198  12:42  Marine x2  
  164  12:45  Marine x6  
  164  12:49  Siege Tank  
  164  12:51  Liberator x4  
  159  12:52  Viking  
  159  12:57  SCV x2, Marine  
  173  13:00  Marine x2  
  173  13:03  Marine  
  176  13:05  Terran Infantry Armor Level 3  
  176  13:06  Command Center  
  176  13:10  Marine x5  
  181  13:14  Advanced Ballistics  
  181  13:15  Marine  
  181  13:17  Marine  
  181  13:19  Marine  
  183  13:22  Marine  
  186  13:27  SCV  
  186  13:29  Siege Tank, Armory  
  186  13:31  Viking  
  191  13:36  Viking  
  191  13:37  Viking  
  195  13:44  Viking  
  195  13:47  Viking  
  199  13:53  Sensor Tower  
  199  13:54  Sensor Tower  
  199  14:01  Viking  
  199  14:02  Viking  
  194  14:06  Viking x2  
  198  14:11  Marine x2  
  200  14:23  Marine  
  195  14:31  Viking  
  197  14:39  Marine x3  
  197  14:42  Viking x2  
  197  14:45  Siege Tank, Marine  
  199  14:46  Command Center  
  199  14:47  Marine  
  199  14:48  Liberator x3  
  196  14:59  Terran Ship Weapons Level 1  
  196  15:00  Terran Vehicle And Ship Armor Level 1  
  196  15:03  Siege Tank  
  196  15:05  Liberator  
  198  15:12  Viking x2  
  196  15:30  Marine  
  196  15:31  Viking x2  
  196  15:32  Marine  
  198  15:37  Marine  
  198  15:39  Marine x4  
  198  15:40  Siege Tank, Marine  
  198  15:42  Marine  
  191  15:48  Marine  
  191  15:49  Marine  
  173  15:55  Marine  
  169  15:57  Marine x4  
  169  15:58  Siege Tank, Marine  
  169  15:59  Marine  
  169  16:03  Planetary Fortress  
  170  16:07  Marine x2  
  160  16:13  Siege Tank, Marine  
  160  16:15  Marine x3  
  160  16:16  Marine  
  160  16:17  Marine  
  166  16:24  Viking  
  166  16:25  Marine x2  
  169  16:31  Marine  
  171  16:32  Marine  
  171  16:36  Siege Tank, Marine x2  
  177  16:40  Refinery, Sensor Tower  
  177  16:41  Marine  
  177  16:42  Refinery  
  178  16:53  Marine x5  
  183  16:58  Viking  
  183  17:00  Command Center  
  185  17:05  Viking  
  187  17:10  Viking  
  187  17:14  Viking  
  165  17:24  Marine x8  
  165  17:29  Siege Tank  
  161  17:33  Siege Tank  
  160  17:42  Marine x6  
  168  17:47  Barracks Reactor x2  
  163  17:53  Barracks  
  163  17:54  Barracks  
  163  17:55  Liberator x2  
  169  17:59  Marine  
  169  18:00  Marine x5  
  169  18:02  Starport, SCV x2  
  174  18:15  Planetary Fortress  
  174  18:16  SCV  
  174  18:17  SCV, Marine x4  
  174  18:18  Marine x2  
  182  18:25  Viking  
  182  18:26  Viking x2  
  188  18:28  SCV, Marine  
  188  18:30  SCV  
  188  18:32  Medivac  
  191  18:35  Marine  
  191  18:38  Medivac  
  191  18:41  SCV, Viking  
  194  18:42  SCV  
  194  18:47  Marine x5  
  197  18:48  Marine  
  197  18:53  SCV  
  199  19:01  Terran Ship Weapons Level 2  
  199  19:02  Terran Vehicle And Ship Armor Level 2  
  199  19:08  Barracks Reactor x2  
  191  19:30  Command Center  
  183  19:39  Marine x5  
  183  19:40  Marine x3  
  183  19:44  Siege Tank, Marine  
  188  19:46  Viking  
  188  19:50  Marine  
  182  19:53  Marine  
  182  19:55  Marine  
  182  19:56  Marine  
  182  19:57  Siege Tank  
  182  19:58  Marine x5  
  190  20:05  Viking x3  
  196  20:09  Supply Depot  
  196  20:19  Command Center  
  196  20:25  Refinery  
  196  20:27  Command Center  
  196  20:31  Viking x2  
  200  20:41  Viking  
  200  20:42  Planetary Fortress  
  198  20:43  Viking  
  198  20:47  Starport Tech Lab  
  198  20:59  Marine  
  198  21:00  Marine x5  
  185  21:11  Marine x4  
  173  21:12  Marine  
  173  21:15  Marine x3  
  173  21:17  Marine x4  
  168  21:19  Marine x2  
  168  21:25  Siege Tank  
  167  21:29  Marine x5  
  167  21:31  Siege Tank  
  175  21:33  Marine x3  
  175  21:35  Marine x4  
  175  21:36  Marine  
  175  21:37  Marine  
  169  21:42  SCV  
  169  21:43  SCV x2  
  169  21:46  Marine  
  169  21:47  Marine x4  
  167  21:51  Marine x3  
  167  21:53  Marine x2  
  170  21:54  SCV  
  170  21:55  Marine x4  
  170  21:56  SCV  
  170  21:58  Siege Tank  
  154  22:04  Siege Tank, Marine x3  
  154  22:05  Medivac x2, Marine x2  
  154  22:06  SCV  
  154  22:07  Medivac  
  151  22:09  Marine x2  
  151  22:10  Medivac  
  151  22:12  Marine x3  
  154  22:15  Marine x2  
  154  22:17  Marine  
  154  22:18  Marine  
  154  22:19  SCV  
  154  22:22  Marine  
  148  22:24  Medivac  
  148  22:26  Marine x3  
  150  22:32  Marine  
  150  22:34  Marine  
  150  22:36  Marine x2  
  135  22:38  Marine x3  
  135  22:39  Marine x3  
  131  22:44  Marine x2  
  131  22:45  Marine  
  130  22:55  Marine x4  
  133  23:01  Marine  
  133  23:03  Marine  
  133  23:05  Planetary Fortress  
  116  23:06  Marine  
  116  23:07  Marine x2  
  116  23:08  Marine  
  116  23:10  Marine  
  117  23:13  Marine x2  
  117  23:16  Marine x2  
  121  23:21  Marine x2  
  121  23:22  Marine  
  121  23:25  Marine  
  121  23:26  Marine x2  
  119  23:28  Marine  
  119  23:31  Marine x2  
  119  23:32  Marine  
  119  23:33  Marine  
  120  23:38  Viking  
  120  23:39  Marine  
  123  23:41  Marine  
  123  23:43  Marine  
  123  23:44  Marine  
  123  23:47  Marine  
  109  23:49  Marine  
  109  23:51  Marine  
Tags
 
Add a new tag
Caveats
  • Supply blocks, unpowered buildings, or Contaminate may cause inaccurate times.
  • Supply counts are checked every 10 seconds.